 Dungeon Sprint DCSS version 0.21-a0-221-gfe971b9 (webtiles) character file.

178502 Kidiri the Impregnable (level 17, -35/188 HPs)
             Began as a Minotaur Fighter on Aug 25, 2017.
             Was the Champion of Okawaru.
             Killed from afar by an ancient lich (47 damage)
             ... with a bolt of acid
             ... in the Dungeon (Sprint VII: "The Pits").
             The game lasted 00:57:55 (7606 turns).

Kidiri the Impregnable (Minotaur Fighter)           Turns: 7606, Time: 00:57:56

Health: -35/188    AC: 33    Str: 24    XL:     17   Next: 58%
Magic:  23/23      EV: 25    Int:  7    God:    Okawaru [******]
Gold:   62         SH: 31    Dex: 14    Spells: 16/16 levels left

rFire    + + .     SeeInvis +   V - +6 broad axe (flame)
rCold    + + .     Gourm    .   Z - +4 large shield
rNeg     + . .     Faith    .   b - +6 chain mail
rPois    .         Spirit   .   (helmet unavailable)
rElec    +         Reflect  .   M - scarf {rC+ rF+}
rCorr    .         Harm     .   c - +3 pair of gauntlets of War {Slay+5}
MR       +....     NoTele   +   x - +0 pair of boots "Aroexaos" {Regen+ Slay+3}
Stlth    +++++.....             C - amulet of magic regeneration
HPRegen  0.81/turn              D - ring of see invisible
MPRegen  0.43/turn              J - ring "Qofas" {rElec rF+ rC+ rN+ Int+2}

@: heroism, finesse
A: retaliatory headbutt, horns 3, talons 1, yellow scales 1
a: Heroism, Finesse, Renounce Religion


You were in the Dungeon.
You worshipped Okawaru.
Okawaru was exalted by your worship.
You were full.

You visited 1 branch You collected 62 gold pieces.

Inventory:

Hand Weapons
 V - a +6 broad axe of flaming (weapon)
Missiles
 t - 6 javelins of returning (quivered)
 X - 23 steel javelins
Armour
 b - a +6 chain mail (worn)
 c - the +3 pair of gauntlets of War (worn) {Slay+5}
   (You found it in the Dungeon)

   It affects your accuracy and damage with ranged weapons and melee attacks
   (+5).
 k - a +4 large shield of protection
 s - a +3 plate armour of cold resistance
 x - the +0 pair of boots "Aroexaos" (worn) {Regen+ Slay+3}
   (Okawaru gifted it to you in the Dungeon)

   It affects your accuracy and damage with ranged weapons and melee attacks
   (+3).
   It increases your rate of regeneration.
 M - a scarf of resistance (worn)
 Z - a +4 large shield (worn)
Jewellery
 a - the ring "Qyr Nets" {Wiz rElec rF++}
   (You took it off a greater mummy in the Dungeon)

   [ring of wizardry]

   It improves your spell success rate.
   It greatly protects you from fire.
   It insulates you from electricity.
 v - a +3 ring of slaying
 w - the amulet "Wyamolis" {+Rage Int+6}
   (You took it off a vampire knight in the Dungeon)

   [amulet of rage]

   It affects your intelligence (+6).
   It lets you go berserk.
 y - a +6 ring of strength
 C - an amulet of magic regeneration (around neck)
 D - a ring of see invisible (left hand)
 J - the ring "Qofas" (right hand) {rElec rF+ rC+ rN+ Int+2}
   (You found it in the Dungeon)

   [ring of positive energy]

   It affects your intelligence (+2).
   It protects you from fire.
   It protects you from cold.
   It insulates you from electricity.
   It protects you from negative energy.
 N - the cursed ring of Gireshaf {+Fly AC-3 Str+5}
   (You found it in the Dungeon)

   [ring of protection]

   It affects your AC (-3).
   It affects your strength (+5).
   It lets you fly.
   It has a curse placed upon it.
 Q - a +6 ring of strength
 R - the amulet "Gacumoeg" {Spirit rF++}
   (You took it off a mummy priest in the Dungeon)

   [amulet of guardian spirit]

   It causes incoming damage to be split between your health and magic.
   It greatly protects you from fire.
 W - a +6 ring of evasion
Wands
 g - a wand of lightning (9/15)
 B - a wand of lightning (8/15)
 K - a wand of scattershot (3/9)
Scrolls
 l - a scroll of magic mapping
 n - 5 scrolls of remove curse
 o - 5 scrolls of amnesia
 p - a scroll of summoning
 E - 2 scrolls of fear
 F - 4 scrolls of identify
 G - 3 scrolls of fog
 H - 4 scrolls of recharging
 O - a scroll of brand weapon
 P - a scroll of blinking
Potions
 d - 3 potions of might
 e - 9 potions of curing
 h - 3 potions of haste
 i - 4 potions of magic
 j - 4 potions of berserk rage
 m - 3 potions of invisibility
 u - 3 potions of brilliance
 z - 2 potions of agility
 A - 2 potions of resistance
 I - a potion of flight
Comestibles
 f - 10 bread rations
 q - 19 fruits
 r - 12 meat rations
 L - 6 royal jellies


   Skills:
 * Level 25.7(27) Fighting
 * Level 25.7(27) Axes
 + Level 15.1(20.1) Throwing
 * Level 25.9(27) Armour
 * Level 23.3(27) Dodging
 + Level 15.6(20.6) Stealth
 * Level 25.8(27) Shields
 - Level 9.0 Invocations
 + Level 10.2 Evocations


You had 16 spell levels left.
You didn't know any spells.

Dungeon Overview and Level Annotations

Branches:
Dungeon (1/1)

Altars:
Ashenzari
Cheibriados
Dithmenos
Elyvilon
Fedhas
Gozag
Hepliaklqana
Kikubaaqudgha
Makhleb
Nemelex Xobeh
Okawaru
Qazlal
Ru
Sif Muna
Trog
Uskayaw
Vehumet
Wu Jian
Xom
Yredelemnul
Zin
The Shining One
Beogh
Jiyva
Lugonu

Annotations:
D exclusion: door


Innate Abilities, Weirdness & Mutations

You reflexively headbutt those who attack you in melee.
You have a pair of large horns on your head.
You have sharp toenails.
You are partially covered in yellow scales. (AC +2)


Message History

The vampire knight is infused with unholy energy.
* * * LOW HITPOINT WARNING * * *
The vampire knight draws life force from you and is healed!
You hit the ancient lich but do no damage.
The ancient lich is moderately damaged.
You hit the vampire knight but do no damage.
You block the ancient lich's attack.
You hit the vampire knight but do no damage.
You headbutt the vampire knight, but do no damage.
The vampire knight is almost destroyed.
You slash the ancient lich! You block the vampire knight's attack.
The vampire knight closely misses you.
You hit the vampire knight. You burn the vampire knight.
You headbutt the vampire knight!
You destroy the vampire knight!
Okawaru accepts your kill.
You hit the ancient lich. You burn the ancient lich.
The ancient lich casts a spell at you. The bolt of acid hits you!
You die...

############
#|}.%}.....:
#(||$}..Z.Z.
#[[}%}..MV.:
#.[ZMV:L}...
######L#################
#......@....))..).).....
#....(.).[..))....|)).)[
#######################'
#' #( #' #. #' #)


You could see an ancient lich, a guardian mummy and a leopard gecko zombie.

Vanquished Creatures
  Mara (D)
  3 ancient liches (D)
  4 greater mummies (D)
  A curse toe (D)
  7 bone dragons (D)
  2 Brimstone Fiends (D)
  Arachne (D)
  An Ice Fiend (D)
  2 titans (D)
  A quicksilver dragon (D)
  An Executioner (D)
  A deep elf blademaster (D)
  2 sphinxes (D)
  A death cob (D)
  Frances (D)
  A storm dragon (D)
  Kirke (D)
  An azure jelly (D)
  A daeva (D)
  2 frost giants (D)
  2 fire giants (D)
  2 orc warlords (D)
  An emperor scorpion (D)
  A ghost moth (D)
  7 ghouls (D)
  3 reapers (D)
  A draconian stormcaller (D)
  A draconian shifter (D)
  An ophan (D)
  6 vampire knights (D)
  A deep elf demonologist (D)
  A dire elephant (D)
  3 red draconians (D)
  3 merfolk javelineers (D)
  2 white draconians (D)
  An eidolon (D)
  2 blizzard demons (D)
  A death ooze (D)
  A merfolk impaler (D)
  4 mummy priests (D)
  Erolcha (D)
  A hell beast (D)
  5 vault guards (D)
  2 yaktaur captains (D)
  A great orb of eyes (D)
  A catoblepas (D)
  A naga warrior (D)
  An alligator snapping turtle (D)
  A death knight (D)
  2 two-headed ogres (D)
  2 merfolk aquamancers (D)
  A deep troll shaman (D)
  A spriggan berserker (D)
  2 vampire magi (D)
  An orc high priest (D)
  A shock serpent (shapeshifter) (D)
  2 soul eaters (D)
  3 death yaks (D)
  5 hell knights (D)
  An iron troll (D)
  3 skeletal warriors (D)
  An unseen horror (D)
  A wizard (D)
  A deep troll (D)
  A spriggan druid (D)
  11 orc knights (D)
  4 necromancers (D)
  A deep elf mage (D)
  A moth of wrath (D)
  An orc sorcerer (D)
  A manticore (D)
  2 gargoyles (D)
  3 eyes of devastation (D)
  Psyche (D)
  A smoke demon (D)
  An orange demon (D)
  A rime drake (D)
  2 tormentors (D)
  An efreet (D)
  5 yaktaurs (D)
  2 demonic crawlers (D)
  A kobold demonologist (D)
  An ice devil (D)
  8 guardian mummies (D)
  A troll (shapeshifter) (D)
  2 trolls (D)
  11 merfolk (D)
  A hippogriff (D)
  A snapping turtle (D)
  2 jumping spiders (D)
  A wind drake (D)
  A spriggan (D)
  A ynoxinul (D)
  A redback (D)
  A redback (shapeshifter) (D)
  A flying skull (D)
  A wyvern (D)
  5 water elementals (D)
  9 yaks (D)
  3 basilisks (D)
  2 fire elementals (D)
  A hog (D)
  A fire bat (D)
  A hungry ghost (D)
  A golden eye (shapeshifter) (D)
  3 wargs (D)
  2 large abominations (D)
  2 acid dragons (D)
  2 water moccasins (D)
  A soldier ant (D)
  A sky beast (D)
  2 orc warriors (D)
  A necrophage (D)
  2 ogres (D)
  5 wolves (D)
  A centaur (D)
  3 big kobolds (D)
  A gnoll sergeant (D)
  2 earth elementals (D)
  A scorpion (D)
  3 wights (D)
  A quasit (D)
  2 small abominations (D)
  A gnoll shaman (D)
  Jessica (D)
  An iguana (D)
  An orc wizard (D)
  A hell rat (D)
  A worker ant (D)
  8 gnolls (D)
  2 river rats (D)
  An adder (D)
  3 adder zombies (D)
  3 adder skeletons (D)
  A worm (D)
  5 adder simulacra (D)
  A leopard gecko (D)
  2 orcs (D)
  A ball python (D)
  6 bat skeletons (D)
  3 bat zombies (D)
  A giant cockroach (D)
  7 bat simulacra (D)
  2 frilled lizards (D)
  3 giant cockroach simulacra (D)
  A jackal simulacrum (D)
  A jackal skeleton (D)
  3 leopard gecko simulacra (D)
  A leopard gecko zombie (D)
  A quokka simulacrum (D)
  A quokka skeleton (D)
  A quokka zombie (D)
  A rat (D)
317 creatures vanquished.

Vanquished Creatures (others)
  2 humans (D)
2 creatures vanquished.

Grand Total: 319 creatures vanquished

Notes
Turn   | Place    | Note
-------+----------+-------------------------------------------
     0 | D        | Kidiri the Minotaur Fighter began the quest for the Orb.
     0 | D        | Reached XP level 1. HP: 19/19 MP: 0/0
    53 | D        | Found a bloodstained altar of Trog.
    53 | D        | Found a deep blue altar of Sif Muna.
    53 | D        | Found a viscous altar of Jiyva.
    53 | D        | Found a hazy altar of Hepliaklqana.
    53 | D        | Found an opulent altar of Gozag.
    54 | D        | Found a glowing golden altar of the Shining One.
    54 | D        | Found a glowing silver altar of Zin.
    54 | D        | Found a basalt altar of Yredelemnul.
    54 | D        | Found a shimmering altar of Xom.
    54 | D        | Found an ornate altar of the Wu Jian Council.
    54 | D        | Found a sacrificial altar of Ru.
    54 | D        | Found a stormy altar of Qazlal.
    54 | D        | Found an iron altar of Okawaru.
    54 | D        | Found a sparkling altar of Nemelex Xobeh.
    54 | D        | Found a burning altar of Makhleb.
    54 | D        | Found a blossoming altar of Fedhas.
    54 | D        | Found a white marble altar of Elyvilon.
    54 | D        | Found a shadowy altar of Dithmenos.
    54 | D        | Found a snail-covered altar of Cheibriados.
    56 | D        | Found a radiant altar of Vehumet.
    56 | D        | Found a corrupted altar of Lugonu.
    56 | D        | Found a roughly hewn altar of Beogh.
    57 | D        | Found a hide-covered altar of Uskayaw.
    57 | D        | Found an ancient bone altar of Kikubaaqudgha.
    57 | D        | Found a shattered altar of Ashenzari.
    64 | D        | Became a worshipper of Warmaster Okawaru
    85 | D        | Reached XP level 2. HP: 28/28 MP: 1/1
    88 | D        | Reached skill level 1 in Dodging
    88 | D        | Reached skill level 1 in Stealth
    88 | D        | Reached skill level 1 in Invocations
   181 | D        | Reached skill level 5 in Fighting
   181 | D        | Reached skill level 5 in Shields
   181 | D        | Reached XP level 3. HP: 28/36 MP: 1/3
   252 | D        | Reached skill level 5 in Armour
   298 | D        | Reached XP level 4. HP: 43/44 MP: 4/4
   373 | D        | Noticed a water moccasin
   388 | D        | Killed a water moccasin
   388 | D        | Reached * piety under Okawaru
   388 | D        | Reached XP level 5. HP: 30/51 MP: 4/6
   519 | D        | Noticed a fire bat
   532 | D        | Killed a fire bat
   532 | D        | Reached XP level 6. HP: 38/61 MP: 7/7
   654 | D        | Noticed a sky beast
   671 | D        | Killed a sky beast
   677 | D        | Reached XP level 7. HP: 63/69 MP: 7/9
   685 | D        | Gained mutation: You have a pair of large horns on your head. [mutagenic meat]
   834 | D        | Reached skill level 5 in Dodging
   857 | D        | Noticed a flying skull
   857 | D        | Noticed a deep elf mage
   862 | D        | Noticed a fire elemental
   867 | D        | Killed a deep elf mage
   867 | D        | Reached ** piety under Okawaru
   867 | D        | Reached skill level 10 in Fighting
   867 | D        | Reached skill level 10 in Shields
   867 | D        | Reached skill level 5 in Invocations
   867 | D        | Reached XP level 8. HP: 29/79 MP: 8/10
   886 | D        | Reached skill level 10 in Armour
   896 | D        | Killed a flying skull
   896 | D        | Reached *** piety under Okawaru
   896 | D        | Reached skill level 10 in Axes
  1095 | D        | Noticed Jessica
  1098 | D        | Reached skill level 5 in Stealth
  1105 | D        | Killed Jessica
  1115 | D        | Reached XP level 9. HP: 89/89 MP: 10/12
  1284 | D        | Noticed a demonic crawler
  1294 | D        | Killed a demonic crawler
  1294 | D        | Reached **** piety under Okawaru
  1334 | D        | Noticed an efreet
  1339 | D        | Killed an efreet
  1384 | D        | Noticed a manticore
  1388 | D        | Killed an unseen horror
  1388 | D        | Reached ***** piety under Okawaru
  1388 | D        | Reached XP level 10. HP: 90/97 MP: 12/14
  1393 | D        | Killed a manticore
  1470 | D        | Noticed an orc knight
  1470 | D        | Noticed a gargoyle
  1483 | D        | Killed an orc knight
  1491 | D        | Killed a gargoyle
  1707 | D        | Noticed an eye of devastation
  1708 | D        | Noticed a merfolk impaler
  1708 | D        | Noticed a great orb of eyes
  1713 | D        | Killed a great orb of eyes
  1713 | D        | Reached skill level 10 in Dodging
  1714 | D        | Reached ****** piety under Okawaru
  1716 | D        | Killed an eye of devastation
  1726 | D        | Received a gift from Okawaru
  1726 | D        | Reached XP level 11. HP: 51/108 MP: 9/16
  1727 | D        | Killed a merfolk impaler
  1742 | D        | Identified a +0 pair of boots of running (Okawaru gifted it to you in the Dungeon)
  1978 | D        | Noticed a two-headed ogre
  1978 | D        | Noticed an orc high priest
  1978 | D        | Noticed an orc sorcerer
  1981 | D        | Noticed an alligator snapping turtle
  1992 | D        | Killed a two-headed ogre
  1992 | D        | Reached skill level 1 in Throwing
  1998 | D        | Killed an orc sorcerer
  2031 | D        | Killed an alligator snapping turtle
  2040 | D        | Noticed a soul eater
  2055 | D        | Killed an orc high priest
  2634 | D        | Noticed Erolcha
  2640 | D        | Killed Erolcha
  2640 | D        | Received a gift from Okawaru
  2714 | D        | Noticed an emperor scorpion
  2720 | D        | Reached skill level 15 in Shields
  2739 | D        | Killed an emperor scorpion
  2739 | D        | Reached skill level 15 in Fighting
  2739 | D        | Reached skill level 15 in Armour
  2751 | D        | Noticed a frost giant
  2765 | D        | Killed a frost giant
  2765 | D        | Reached skill level 15 in Axes
  2765 | D        | Reached XP level 12. HP: 82/121 MP: 11/17
  2909 | D        | Received a gift from Okawaru
  3075 | D        | Received a gift from Okawaru
  3082 | D        | Noticed an ophan
  3096 | D        | Killed an ophan
  3114 | D        | Noticed a death yak
  3119 | D        | Reached skill level 5 in Throwing
  3128 | D        | Killed a death yak
  3133 | D        | Noticed a death yak
  3137 | D        | Killed a death yak
  3138 | D        | Noticed a death yak
  3141 | D        | Noticed a white draconian
  3148 | D        | Killed a death yak
  3155 | D        | Noticed Kirke
  3158 | D        | Killed a white draconian
  3166 | D        | Noticed a vampire mage
  3167 | D        | Killed Kirke
  3197 | D        | Killed a vampire mage
  3236 | D        | Noticed Psyche
  3236 | D        | Noticed a two-headed ogre
  3277 | D        | Killed Psyche
  3277 | D        | Received a gift from Okawaru
  3284 | D        | Killed a two-headed ogre
  3284 | D        | Reached XP level 13. HP: 64/130 MP: 18/18
  3295 | D        | Got a brightly glowing dire flail {god gift}
  3547 | D        | Identified Sif Muna's Collected Works on Summoning and the Rocks (You found it in the Dungeon)
  3619 | D        | Noticed a merfolk javelineer
  3619 | D        | Noticed a white draconian
  3619 | D        | Noticed a blizzard demon
  3624 | D        | Killed a merfolk javelineer
  3636 | D        | Killed a blizzard demon
  3641 | D        | Killed a white draconian
  3652 | D        | Received a gift from Okawaru
  3655 | D        | Reached skill level 10 in Stealth
  3660 | D        | Got the ring "Qofas" {rElec rF+ rC+ rN+ Int+2}
  3668 | D        | Got the cursed ring of Gireshaf {+Fly AC-3 Str+5}
  3962 | D        | Noticed an eidolon
  3964 | D        | Noticed an orc warlord
  3964 | D        | Noticed an orc warlord
  3968 | D        | Killed an eidolon
  3989 | D        | Received a gift from Okawaru
  4016 | D        | Killed an orc warlord
  4016 | D        | Reached skill level 15 in Dodging
  4030 | D        | Killed an orc warlord
  4040 | D        | Received a gift from Okawaru
  4060 | D        | Received a gift from Okawaru
  4141 | D        | Noticed a ghost moth
  4149 | D        | Killed a ghost moth
  4162 | D        | Received a gift from Okawaru
  4162 | D        | Reached XP level 14. HP: 62/144 MP: 4/19
  4441 | D        | Received a gift from Okawaru
  4690 | D        | Found the +3 pair of gauntlets of War {Slay+5}
  4883 | D        | Noticed an azure jelly
  4892 | D        | Killed an azure jelly
  4930 | D        | Noticed a reaper
  4943 | D        | Killed a reaper
  4948 | D        | Received a gift from Okawaru
  4952 | D        | Noticed a Brimstone Fiend
  4954 | D        | Killed a Brimstone Fiend
  4957 | D        | Noticed a quicksilver dragon
  4963 | D        | Killed a quicksilver dragon
  4975 | D        | Noticed an Executioner
  4975 | D        | Noticed an Ice Fiend
  4975 | D        | Noticed a white draconian shifter
  4977 | D        | Killed a white draconian shifter
  4977 | D        | Received a gift from Okawaru
  4980 | D        | Killed an Ice Fiend
  4999 | D        | Killed an Executioner
  4999 | D        | Reached skill level 10 in Throwing
  5301 | D        | Noticed a titan
  5305 | D        | Killed a titan
  5317 | D        | Noticed a Brimstone Fiend
  5321 | D        | Killed a Brimstone Fiend
  5324 | D        | Noticed a fire giant
  5330 | D        | Killed a fire giant
  5333 | D        | Noticed a titan
  5343 | D        | Killed a titan
  5343 | D        | Received a gift from Okawaru
  5349 | D        | Noticed a curse toe
  5357 | D        | Killed a curse toe
  5357 | D        | Received a gift from Okawaru
  5357 | D        | Reached XP level 15. HP: 95/157 MP: 20/20
  5358 | D        | Got a pair of transparent boots {god gift}
  5369 | D        | Identified the +0 pair of boots "Aroexaos" {Regen+ Slay+3} (Okawaru gifted it to you in the Dungeon)
  5778 | D        | Noticed Arachne
  5786 | D        | Noticed a death cob
  5786 | D        | Killed Arachne
  5790 | D        | Killed a death cob
  5792 | D        | Noticed a frost giant
  5804 | D        | Killed a frost giant
  5849 | D        | Got the amulet "Wyamolis" {+Rage Int+6}
  5945 | D        | Noticed a sphinx
  5947 | D        | Noticed Frances
  5949 | D        | Noticed a daeva
  5963 | D        | Noticed a deep elf blademaster
  5964 | D        | Noticed a fire giant
  5967 | D        | Killed Frances
  5967 | D        | Reached skill level 1 in Evocations
  5970 | D        | Killed a sphinx
  5971 | D        | Noticed a sphinx
  5975 | D        | Received a gift from Okawaru
  5976 | D        | Killed a deep elf blademaster
  5980 | D        | Killed a fire giant
  5984 | D        | Noticed a bone dragon
  5985 | D        | Killed a daeva
  5989 | D        | Killed a sphinx
  6010 | D        | Killed a bone dragon
  6012 | D        | Noticed Mara
  6021 | D        | Noticed Kidiri's illusion
  6038 | D        | HP: 7/160 [Mara (illusionary)/demon trident of freezing (3)]
  6073 | D        | Killed Mara
  6073 | D        | Received a gift from Okawaru
  6073 | D        | Reached XP level 16. HP: 80/170 MP: 18/21
  6263 | D        | Noticed a storm dragon
  6270 | D        | Reached skill level 5 in Evocations
  6284 | D        | Killed a storm dragon
  6300 | D        | Gained mutation: You are partially covered in thin metallic scales. (AC +2) [mutagenic meat]
  6459 | D        | Lost mutation: You have a pair of large horns on your head. [potion of mutation]
  6459 | D        | Lost mutation: You are partially covered in thin metallic scales. (AC +2) [potion of mutation]
  6459 | D        | Gained mutation: You tend to lose your temper in combat. [potion of mutation]
  6459 | D        | Lost mutation: You tend to lose your temper in combat. [potion of mutation]
  6459 | D        | Gained mutation: You have very sharp teeth. [potion of mutation]
  6460 | D        | Lost mutation: You have very sharp teeth. [potion of mutation]
  6460 | D        | Gained mutation: Your flesh is heat resistant. (rF+) [potion of mutation]
  6460 | D        | Gained mutation: You have a beak for a mouth. [potion of mutation]
  6461 | D        | Lost mutation: Your flesh is heat resistant. (rF+) [potion of mutation]
  6461 | D        | Lost mutation: You have a beak for a mouth. [potion of mutation]
  6461 | D        | Gained mutation: You have sharp toenails. [potion of mutation]
  6461 | D        | Gained mutation: You are partially covered in yellow scales. (AC +2) [potion of mutation]
  6461 | D        | Gained mutation: You have a pair of large horns on your head. [potion of mutation]
  6666 | D        | Noticed a bone dragon
  6666 | D        | Noticed a greater mummy
  6673 | D        | Noticed a bone dragon
  6695 | D        | Paralysed by something for 2 turns
  6711 | D        | Killed a bone dragon
  6772 | D        | Killed a greater mummy
  6786 | D        | Noticed a greater mummy
  6789 | D        | Noticed a bone dragon
  6793 | D        | Noticed a greater mummy
  6804 | D        | Killed a greater mummy
  6811 | D        | Noticed a bone dragon
  6820 | D        | Killed a bone dragon
  6822 | D        | Received a gift from Okawaru
  6991 | D        | Noticed an ancient lich
  7006 | D        | Killed an ancient lich
  7006 | D        | Received a gift from Okawaru
  7013 | D        | Killed a bone dragon
  7072 | D        | Noticed a bone dragon
  7093 | D        | Killed a bone dragon
  7097 | D        | Noticed a bone dragon
  7107 | D        | Killed a bone dragon
  7107 | D        | Reached XP level 17. HP: 58/183 MP: 22/22
  7129 | D        | Noticed an ancient lich
  7132 | D        | Killed a bone dragon
  7132 | D        | Reached skill level 15 in Stealth
  7165 | D        | Noticed a Tzitzimitl
  7184 | D        | Killed an ancient lich
  7359 | D        | Killed a greater mummy
  7359 | D        | Received a gift from Okawaru
  7361 | D        | Got the ring "Qyr Nets" {Wiz rElec rF++}
  7543 | D        | Received a gift from Okawaru
  7556 | D        | Got the amulet "Gacumoeg" {Spirit rF++}
  7558 | D        | Noticed an ancient lich
  7574 | D        | Noticed a greater mummy
  7579 | D        | Killed an ancient lich
  7581 | D        | Noticed an ancient lich
  7588 | D        | Killed a greater mummy
  7588 | D        | Received a gift from Okawaru
  7588 | D        | Reached skill level 15 in Throwing
  7588 | D        | Reached skill level 10 in Evocations
  7599 | D        | HP: 6/188 [vampire knight/great mace (8)]
  7606 | D        | Killed from afar by an ancient lich

Vault maps used:
D:        pitsprint

Skill      XL: |  1  2  3  4  5  6  7  8  9 10 11 12 13 14 15 16 17 |
---------------+----------------------------------------------------+-----
Fighting       | 4 5 6 7 8 10 11 12 13 15 16 18 20 22 24 25 | 25.7
Axes           | 3 4 6 7 8 9 10 11 13 15 16 18 20 22 24 25 | 25.7
Armour         | 4 5 6 7 8 9 11 12 13 15 16 18 20 22 24 25 | 25.9
Shields        | 4 5 6 7 8 10 11 12 13 15 16 18 20 22 24 25 | 25.8
Dodging        | 1 2 3 4 5 6 8 10 12 14 15 18 20 22 23 | 23.3
Stealth        | 1 2 3 4 5 6 7 8 9 10 12 13 14 15 | 15.6
Invocations    | 1 2 3 4 5 6 8 9 |  9.0
Throwing       | 4 6 8 10 12 14 15 | 15.1
Evocations     | 4 8 10 | 10.2

Action                   |  1- 3 |  4- 6 |  7- 9 | 10-12 | 13-15 | 16-18 || total
-------------------------+-------+-------+-------+-------+-------+-------++-------
Melee: Hand axe          |    27 |    29 |    72 |       |       |       ||   128
       War axe           |     1 |       |       |       |       |       ||     1
       Headbutt          |     4 |     5 |    23 |    83 |   108 |    83 ||   306
       Broad axe         |       |       |    20 |   294 |   372 |   253 ||   939
Throw: Throwing net      |       |       |       |     2 |       |       ||     2
       Javelin           |       |       |       |       |    18 |     6 ||    24
       Tomahawk          |       |       |       |       |     4 |       ||     4
Invok: Heroism           |       |       |     7 |    12 |    10 |    10 ||    39
       Finesse           |       |       |       |    10 |    11 |    10 ||    31
  Use: Potion            |       |     2 |       |     2 |    10 |    12 ||    26
       Scroll            |       |       |       |       |     7 |     5 ||    12
 Stab: Sleeping          |       |       |     1 |     4 |     8 |       ||    13
       Distracted        |       |       |     1 |       |       |     1 ||     2
       Held in net/web   |       |       |       |     2 |       |       ||     2
       Petrified         |       |       |       |       |    27 |       ||    27
       Petrifying        |       |       |       |       |     7 |       ||     7
  Eat: Chunk             |       |       |     3 |     3 |     2 |     3 ||    11
       Fruit             |       |       |       |    11 |       |    10 ||    21
Armor: Scale mail        |    11 |       |       |       |       |       ||    11
       Ring mail         |       |    13 |    16 |    20 |    23 |       ||    72
       Chain mail        |       |       |       |       |    48 |    55 ||   103
Dodge: Dodged            |    11 |     9 |    33 |    98 |    98 |    84 ||   333
Block: Shield            |    24 |    11 |    43 |   107 |    97 |       ||   282
       Large shield      |       |       |       |       |   128 |   215 ||   343

Table legend:
 A = Spawn XP
 B = Non-spawn XP
 C = Spawn XP percentage of total XP
 D = Spawn monster count
 E = Non-spawn monster count
 F = Spawn count percentage of total count
 G = Total turns spent on level
                    A         B        C        D         E        F      G
               +---------+---------+-------+---------+---------+-------+---------
         Total |       0 |  258756 |   0.0 |       0 |     317 |   0.0 |  7606
               +---------+---------+-------+---------+---------+-------+---------
             D |       0 |  258756 |   0.0 |       0 |     317 |   0.0 |  7606
               +---------+---------+-------+---------+---------+-------+---------
